 Dungeon Crawl Stone Soup version 0.23-a0-239-g84a5ed292d (webtiles) character file.

1850 PikkenKukken the Cudgeler (level 9, -4/55 HPs)
             Began as a Gargoyle Fighter on Sept 26, 2018.
             Killed from afar by Dowan (14 damage)
             ... with a stone arrow
             ... on level 6 of the Dungeon.
             The game lasted 00:12:27 (5994 turns).

PikkenKukken the Cudgeler (Gargoyle Fighter)        Turns: 5994, Time: 00:12:28

Health: -4/55      AC: 21    Str: 23    XL:     9   Next: 12%
Magic:  9/9        EV:  6    Int:  9    God:
Gold:   424        SH: 10    Dex:  9    Spells: 8/8 levels left

rFire    . . .     SeeInvis .   r - +0 morningstar
rCold    . . .     Gourm    .   c - +0 shield
rNeg     + + .     Faith    .   y - +0 plate armour
rPois    ∞         Spirit   .   j - +0 helmet
rElec    +         Reflect  .   B - +0 cloak
rCorr    .         Harm     .   (no gloves)
MR       .....                  (no boots)
Stlth    ..........             v - amulet of magic regeneration
HPRegen  0.18/turn              h - ring of positive energy
MPRegen  0.36/turn              w - ring of poison resistance

@: no status effects
A: negative energy resistance 1, electricity resistance, unbreathing,
petrification resistance, rot immunity, AC +6
a: no special abilities


You were on level 6 of the Dungeon.
You were not hungry.

You visited 1 branch of the dungeon, and saw 7 of its levels.

You collected 424 gold pieces.

Inventory:

Hand Weapons
 a - a +1 flail
 r - a +0 morningstar (weapon)
 C - a +0 whip
Armour
 b - a +0 scale mail
 c - a +0 shield (worn)
 j - a +0 helmet (worn)
 o - a +1 scale mail of fire resistance
 y - a +0 plate armour (worn)
 B - a +0 cloak (worn)
Jewellery
 h - a ring of positive energy (left hand)
 t - an uncursed amulet of faith
 v - an amulet of magic regeneration (around neck)
 w - a ring of poison resistance (right hand)
Scrolls
 g - 2 scrolls of amnesia
 i - 4 scrolls of remove curse
 k - a scroll of noise
 p - 3 scrolls of blinking
 q - a scroll of enchant weapon
 u - a scroll of teleportation
 z - a scroll of identify
Potions
 d - a potion of resistance {unknown}
 e - 2 potions of curing
 l - a potion of magic
 m - 2 potions of flight
 n - a potion of ambrosia {unknown}
 s - a potion of haste {unknown}
 x - a potion of degeneration {unknown}
 A - a potion of brilliance {unknown}
Comestibles
 f - 8 rations


   Skills:
 + Level 6.1 Fighting
 * Level 7.0 Maces & Flails
 + Level 6.0 Armour
 + Level 3.6 Dodging
 + Level 6.1 Shields


You had 8 spell levels left.
You didn't know any spells.
Your spell library was empty.

Dungeon Overview and Level Annotations

Branches:
Dungeon (7/15)
 Temple: D:4-7

Altars:
Elyvilon
Fedhas
Nemelex Xobeh
Ru
Uskayaw
Wu Jian
Zin

Shops:
D:5 }

Annotations:
D:6 Dowan
D:7 Harold


Innate Abilities, Weirdness & Mutations

You are resistant to torment.
Your stone body is resilient. (AC +6)
You are immune to poison.
You resist negative energy. (rN+)
You are resistant to electric shocks. (rElec)
You can survive without breathing.
You are immune to petrification.
You are immune to rotting.


Message History

There is a stone staircase leading down here.
You miss Dowan.
Dowan is lightly wounded.
Dowan says, "How can I live without her?"
Dowan hits you but does no damage. You block Dowan's attack.
You closely miss Dowan.
Dowan is lightly wounded.
You block Dowan's attack. Dowan hits you but does no damage.
You closely miss Dowan.
Dowan is lightly wounded.
You block Dowan's attack. x2
You sock Dowan!
Dowan is severely wounded.
Dowan hits you but does no damage. You block Dowan's attack.
You miss Dowan.
Dowan is severely wounded.
Dowan closely misses you.
Dowan points at you and mumbles some strange words.
The stone arrow hits you!
You die...

#..............#
###..#.########.#
#####........#...##.#
#............#.#.##.#
#............#.#.##.#
#............#<#.##.#
#............###.##.#
#................##.#
#.......@†..........#
#.......e...#########
#...........#
#...........#
#...........#
#...........#
#############


You could see Dowan.

Vanquished Creatures
  Pikel (D:4)
  Duvessa (D:7)
  A water moccasin (D:6)
  A sky beast (D:6)
  2 ogres
  2 centaurs
  A wyvern skeleton (D:6)
  A scorpion (D:6)
  A crimson imp (D:5)
  2 jellies
  4 orc wizards
  3 orc priests
  4 hounds
  2 iguanas
  2 worker ants (D:6)
  A hound skeleton (D:5)
  A howler monkey zombie (D:7)
  7 adders
  3 oozes
  An adder skeleton (D:6)
  An adder zombie (D:5)
  A worm (D:2)
  2 dart slugs
  3 leopard geckos
  18 orcs
  3 giant cockroaches
  4 goblins
  6 hobgoblins
  8 kobolds
  2 quokkas (D:6)
  A ball python (D:1)
  9 bats
  A frilled lizard (D:1)
  9 rats
109 creatures vanquished.

Vanquished Creatures (others)
  A quokka (D:5)
1 creature vanquished.

Grand Total: 110 creatures vanquished

Notes
Turn   | Place    | Note
-------+----------+-------------------------------------------
     0 | D:1      | PikkenKukken the Gargoyle Fighter began the quest for the
                  | Orb.
     0 | D:1      | Reached XP level 1. HP: 14/14 MP: 1/1
   454 | D:1      | Reached XP level 2. HP: 19/19 MP: 2/2
   875 | D:2      | Found a hide-covered altar of Uskayaw.
  1008 | D:2      | Reached XP level 3. HP: 23/23 MP: 3/3
  1218 | D:2      | Found a faded altar of an unknown god.
  1573 | D:2      | Reached XP level 4. HP: 17/29 MP: 4/4
  1719 | D:2      | Reached skill level 3 in Maces & Flails
  1719 | D:2      | Reached skill level 1 in Dodging
  1864 | D:2      | Reached XP level 5. HP: 22/33 MP: 5/5
  2809 | D:4      | Reached XP level 6. HP: 38/38 MP: 6/6
  2856 | D:4      | Noticed Pikel
  2856 | D:4      | Noticed a slave
  2856 | D:4      | Noticed a slave
  2856 | D:4      | Noticed a slave
  2856 | D:4      | Noticed a slave
  2864 | D:4      | Killed Pikel
  2864 | D:4      | Reached skill level 4 in Maces & Flails
  2864 | D:4      | Reached XP level 7. HP: 26/44 MP: 7/7
  2865 | D:4      | Reached skill level 5 in Maces & Flails
  3052 | D:4      | Reached skill level 5 in Armour
  3090 | D:4      | Reached skill level 5 in Shields
  3180 | D:4      | Found an ornate altar of the Wu Jian Council.
  3216 | D:4      | Reached skill level 5 in Fighting
  3342 | D:4      | Found a sparkling altar of Nemelex Xobeh.
  3449 | D:5      | Entered Level 5 of the Dungeon
  3561 | D:5      | Reached XP level 8. HP: 31/49 MP: 8/8
  3998 | D:5      | Found Onasyky's Gadget Boutique.
  4016 | D:5      | Found a white marble altar of Elyvilon.
  4311 | D:5      | Found a sacrificial altar of Ru.
  4837 | D:6      | Found a glowing silver altar of Zin.
  4837 | D:6      | Found a blossoming altar of Fedhas.
  4859 | D:6      | Reached skill level 6 in Maces & Flails
  5332 | D:7      | Noticed Harold
  5902 | D:7      | Found a sparkling altar of Nemelex Xobeh.
  5902 | D:7      | Noticed Duvessa
  5902 | D:7      | Noticed Dowan
  5928 | D:6      | Reached XP level 9. HP: 49/55 MP: 9/9
  5973 | D:7      | Killed Duvessa
  5973 | D:7      | Reached skill level 7 in Maces & Flails
  5994 | D:6      | Killed from afar by Dowan

Vault maps used:
D:1:      dpeg_arrival_rooms_b, serial_bayou_lake_a
D:2:      eat_drink_and_be_merry_uskayaw, chequers_ecumenical_altar_lobes
D:4:      nemelex_xobeh_ov_fountains_minmay, nicolae_overflow_crystal_walls,
          first_ration, uniq_pikel
D:5:      elyvilon_altar_4, kennysheep_mini, serial_shops, shop
D:6:      grunt_temple_overflow_open, lemuel_flamethrower_1
D:7:      demons_altar, temple_green, basic_altar, uniq_menkaure, uniq_harold,
          uniq_crazy_yiuf_cottage, uniq_duvessa

Skill      XL: |  1  2  3  4  5  6  7  8  9 |
---------------+----------------------------+-----
Maces & Flails | 3 4 5 6 7 |  7.0
Dodging        | 1 2 3 |  3.6
Armour         | 4 5 6 |  6.0
Shields        | 4 5 6 |  6.1
Fighting       | 4 5 6 |  6.1

Action                   |  1- 3 |  4- 6 |  7- 9 || total
-------------------------+-------+-------+-------++-------
Melee: Flail             |   134 |    33 |       ||   167
       Morningstar       |       |    90 |   273 ||   363
  Use: Scroll            |     6 |     6 |     4 ||    16
       Potion            |       |     1 |     1 ||     2
  Eat: Chunk             |     2 |     5 |     9 ||    16
       Ration            |       |       |     1 ||     1
Armor: Scale mail        |    92 |   100 |   104 ||   296
       Plate armour      |       |       |    87 ||    87
Dodge: Dodged            |    47 |    77 |    81 ||   205
Block: Shield            |    81 |   101 |   151 ||   333

Table legend:
 A = Non-vault XP
 B = Vault XP
 C = Vault XP percentage of total XP
 D = Non-vault monster count
 E = Vault monster count
 F = Vault count percentage of total count
                 A         B        C        D         E       F
            +---------+---------+-------+---------+---------+-------
      Total |    1882 |     762 |  28.8 |     107 |       2 |   1.8
            +---------+---------+-------+---------+---------+-------
        D:1 |      13 |       0 |   0.0 |      10 |       0 |   0.0
        D:2 |     185 |       0 |   0.0 |      34 |       0 |   0.0
        D:3 |      39 |       0 |   0.0 |      12 |       0 |   0.0
        D:4 |     275 |     617 |  69.2 |      14 |       1 |   6.7
        D:5 |     438 |       0 |   0.0 |      12 |       0 |   0.0
        D:6 |     916 |       0 |   0.0 |      24 |       0 |   0.0
        D:7 |      16 |     145 |  90.1 |       1 |       1 |  50.0
            +---------+---------+-------+---------+---------+-------
